 Dungeon Crawl Stone Soup version 0.18-a0-1140-g8540535 (webtiles) character file.

1015 ErgoProxy the Cleaver (level 8, -4/67 HPs)
             Began as a Hill Orc Artificer on Jan 21, 2016.
             Was a Follower of Pakellas.
             Slain by an orc warrior
             ... wielding a +0 trident of piercing
              (7 damage)
             ... on level 6 of the Dungeon.
             The game lasted 00:18:40 (6769 turns).

ErgoProxy the Cleaver (Hill Orc Artificer)          Turns: 6769, Time: 00:18:41

Health: -4/67      AC: 12    Str: 14      XL:     8   Next: 21%
Magic:  11/11      EV: 10    Int: 12      God:    Pakellas [*.....]
Gold:   265        SH:  0    Dex: 11 (13) Spells: 0 memorised, 7 levels left

rFire  . . .     SeeInvis .     a - +0 war axe
rCold  . . .     Gourm    .     w - +0 chain mail
rNeg   . . .     Faith    .     (no shield)
rPois  .         Spirit   .     (no helmet)
rElec  .         Dismiss  .     (no cloak)
rCorr  .         Reflect  .     p - +0 pair of gloves
SustAt .         Harm     .     g - +2 pair of boots {Stlth+}
MR     .....                    y - amulet of magic regeneration
Stlth  ..........               j - ring of stealth
                                s - +4 ring of evasion

@: not resistant to hostile enchantments, extremely unstealthy
A: no striking features
a: Quick Charge, Renounce Religion


You were on level 6 of the Dungeon.
You worshipped Pakellas.
Pakellas was aware of your devotion.
You were near starving.

You visited 2 branches of the dungeon, and saw 7 of its levels.

You collected 265 gold pieces.

Inventory:

Hand Weapons
 a - a +0 war axe (weapon)
 v - a +1 dagger of electrocution
Missiles
 b - 9 poisoned needles
 q - a throwing net
 G - 2 tomahawks (quivered)
 I - 8 needles of sleeping
Armour
 g - a +2 pair of boots of stealth (worn)
 p - a +0 pair of gloves (worn)
 w - a +0 chain mail (worn)
Jewellery
 j - a ring of stealth (right hand)
 k - an uncursed ring of magical power
 s - a +4 ring of evasion (left hand)
 y - an amulet of magic regeneration (around neck)
Wands
 c - a wand of flame (5/48)
 d - a wand of enslavement (15/24)
 e - a wand of random effects (13/48)
 B - a wand of frost (12/48)
 D - a wand of frost (28/48)
Scrolls
 f - a scroll of vulnerability {unknown}
 h - 2 scrolls of teleportation
 i - 2 scrolls of noise {unknown}
 l - a scroll of random uselessness {unknown}
 m - a scroll of amnesia {unknown}
 o - a scroll of remove curse
 t - a scroll of blinking {unknown}
Potions
 r - a potion of ambrosia {unknown}
 u - a potion of agility
 x - 2 potions of lignification
 z - a potion of berserk rage
 A - a potion of resistance {unknown}
 E - a potion of invisibility {unknown}
 H - a potion of haste {unknown}
Comestibles
 n - a beef jerky
 C - a meat ration


   Skills:
 - Level 4.8 Fighting
 - Level 1.0 Short Blades
 * Level 9.4 Axes
 - Level 1.5 Dodging
 - Level 0.7 Stealth
 - Level 5.0 Evocations


You had 7 spell levels left.
You didn't know any spells.

Dungeon Overview and Level Annotations

Branches:
Dungeon (6/15)             Temple (1/1) D:4

Altars:
Cheibriados
Makhleb
Nemelex Xobeh
Okawaru
Pakellas
Qazlal
Ru
Xom
Yredelemnul


Message History

Your chain mail prevents you from hitting the orc warrior.
The orc warrior is severely wounded.
The orc warrior hits you with a trident of piercing!
Your chain mail prevents you from hitting the orc warrior.
The orc warrior is severely wounded.
Your chain mail prevents you from hitting the orc warrior.
The orc warrior is severely wounded.
The orc warrior hits you with a trident of piercing!
* * * LOW HITPOINT WARNING * * *
You hit the orc warrior but do no damage.
The orc warrior is severely wounded.
The orc warrior hits you but does no damage.
You closely miss the orc warrior.
The orc warrior is severely wounded.
The orc warrior hits you with a trident of piercing!
* * * LOW HITPOINT WARNING * * *
x2 Drink which item? (? for menu, Esc to quit)
It was a potion of berserk rage.
You're too hungry to go berserk.
The orc warrior hits you with a trident of piercing!
You die...

... #.. .. .o. .. o.## #
.###S.. .# ######...$
#####.### #.$....o#
#.......# #>...<..#
####.......#
#......o########..........#
#.(....oSo@......##.......#
#.......###########<......#
#.......# #.......#
#.......# #########
#$......# #########


You could see an orc warrior, 2 orcs and a ball python.

Vanquished Creatures
  Eustachio (D:5)
  Edmund (D:5)
  An ice beast (D:5)
  A sky beast (D:3)
  An ogre (D:5)
  2 hounds
  An orc priest (D:4)
  A jelly (D:4)
  2 orc wizards
  An iguana (D:5)
  Ijyb (D:2)
  A worker ant (D:4)
  A hound zombie (D:4)
  A mummy (D:5)
  9 adders
  2 adder zombies (D:5)
  3 worms
  4 giant geckos
  14 orcs
  5 bats
  3 giant cockroaches
  9 hobgoblins
  9 jackals
  2 quokkas
  A ball python (D:1)
  A giant gecko zombie (D:5)
  10 giant newts
  5 goblins
  9 kobolds
  A quokka skeleton (D:4)
  7 rats
110 creatures vanquished.

Notes
Turn   | Place    | Note
--------------------------------------------------------------
     0 | D:1      | ErgoProxy the Hill Orc Artificer began the quest for the Orb.
     0 | D:1      | Reached XP level 1. HP: 16/16 MP: 3/3
   182 | D:1      | Reached XP level 2. HP: 16/24 MP: 4/4
   994 | D:1      | Reached XP level 3. HP: 28/30 MP: 5/5
  2325 | D:2      | Noticed Ijyb
  2358 | D:2      | Killed Ijyb
  2358 | D:2      | Reached skill level 4 in Fighting
  2358 | D:2      | Reached XP level 4. HP: 26/40 MP: 6/6
  3170 | D:3      | Reached XP level 5. HP: 47/47 MP: 7/7
  3359 | D:3      | Found a faded altar to an unknown god.
  3508 | D:3      | Found a stormy altar of Qazlal.
  3622 | D:3      | Reached skill level 1 in Axes
  3636 | D:3      | You fall through a shaft for 2 floors!
  3636 | D:5      | Entered Level 5 of the Dungeon
  3644 | D:5      | Noticed an ice beast
  3649 | D:5      | Noticed a sky beast
  3896 | D:5      | Found a shimmering altar of Xom.
  3966 | D:3      | HP: 2/47 [sky beast (5)]
  3968 | D:3      | Killed a sky beast
  3968 | D:3      | Reached XP level 6. HP: 2/55 MP: 9/9
  4303 | D:3      | Found an iron altar of Okawaru.
  4313 | D:3      | Found a basalt altar of Yredelemnul.
  5098 | D:4      | Found a sacrificial altar of Ru.
  5213 | D:4      | Reached skill level 5 in Axes
  5480 | D:4      | Found a staircase to the Ecumenical Temple.
  5535 | Temple   | Entered the Ecumenical Temple
  5573 | Temple   | Became a worshipper of Pakellas the Inventive
  5684 | D:5      | Reached XP level 7. HP: 42/60 MP: 10/10
  5829 | D:5      | Reached skill level 5 in Evocations
  5869 | D:5      | Reached skill level 6 in Axes
  6142 | D:5      | Noticed Edmund
  6154 | D:5      | Killed Edmund
  6154 | D:5      | Reached skill level 7 in Axes
  6263 | D:5      | Reached skill level 8 in Axes
  6274 | D:5      | Reached * piety under Pakellas
  6274 | D:5      | Reached XP level 8. HP: 54/67 MP: 11/11
  6384 | D:5      | Found a snail-covered altar of Cheibriados.
  6547 | D:5      | Noticed Eustachio
  6636 | D:5      | Killed Eustachio
  6636 | D:5      | Reached skill level 9 in Axes
  6768 | D:6      | HP: 3/67 [orc warrior/trident of piercing (4)]
  6769 | D:6      | Slain by an orc warrior

Vault maps used:
D:1:      shiori_arrival_elements
D:2:      uniq_iyjb
D:3:      nicolae_qazlal_eye_of_the_storm, amethyst_overflow_temple_binary,
          ecumenical_altar_2, first_bread
D:4:      kennysheep_mini_moat, lemuel_temple_firewalk
D:5:      slow_altar_2, xom_butterflies, serial_bayou_pond_a,
          patterned_corridor, uniq_eustachio, uniq_edmund
Temple:   dpeg_five_rooms_temple_12

Action                   |  1- 3 |  4- 6 |  7- 9 || total
-------------------------+-------+-------+-------++-------
Melee: Short sword       |   195 |    40 |       ||   235
       Dagger            |       |   131 |       ||   131
       War axe           |       |    99 |   166 ||   265
Evoke: Wand              |     2 |     8 |    17 ||    27
  Use: Scroll            |       |     2 |     3 ||     5
       Potion            |       |       |     2 ||     2
 Stab: Sleeping          |     6 |    15 |       ||    21
  Eat: Bread ration      |     1 |     1 |       ||     2
       Chunk             |       |     6 |     3 ||     9
